 Dungeon Crawl Stone Soup version 0.22.1-1-ga44c0e56f4 (webtiles) character file.

105 Ihlosi the Ducker (level 5, 0/40 HPs)
             Began as a Human Gladiator on Nov 7, 2018.
             Slain by an adder (2 damage)
             ... on level 2 of the Dungeon.
             The game lasted 00:05:04 (1729 turns).

Ihlosi the Ducker (Human Gladiator)                 Turns: 1729, Time: 00:05:05

Health: 0/40       AC:  5    Str: 14    XL:     5   Next: 9%
Magic:  5/5        EV: 13    Int:  8    God:
Gold:   66         SH:  0    Dex: 16    Spells: 4/4 levels left

rFire    . . .     SeeInvis .   a - +0 long sword
rCold    . . .     Gourm    .   (no shield)
rNeg     . . .     Faith    .   b - +0 leather armour
rPois    +         Spirit   .   c - +0 helmet
rElec    .         Reflect  .   g - +0 cloak
rCorr    .         Harm     .   (no gloves)
MR       .....                  (no boots)
Stlth    ++........             (no amulet)
HPRegen  0.13/turn              j - ring of poison resistance
MPRegen  0.09/turn              (no ring)

@: lethally poisoned (0 -> -6), hasted, very quick
A: no striking features
a: no special abilities


You were on level 2 of the Dungeon.
You were not hungry.

You visited 1 branch of the dungeon, and saw 3 of its levels.

You collected 66 gold pieces.

Inventory:

Hand Weapons
 a - a +0 long sword (weapon)
 l - a +0 spear of venom
Missiles
 d - 2 throwing nets (quivered)
Armour
 b - a +0 leather armour (worn)
 c - a +0 helmet (worn)
 g - a +0 cloak (worn)
Jewellery
 j - a ring of poison resistance (left hand)
Scrolls
 e - 2 scrolls of magic mapping {unknown}
 h - a scroll of remove curse {unknown}
Comestibles
 f - 4 rations
 i - 2 chunks of flesh


   Skills:
 * Level 2.9 Fighting
 - Level 3.0 Long Blades
 - Level 2.0 Throwing
 * Level 2.4 Armour
 - Level 3.0 Dodging
 * Level 2.7 Stealth


You had 4 spell levels left.
You didn't know any spells.
Your spell library was empty.

Dungeon Overview and Level Annotations

Branches:
Dungeon (3/15)

Altars:


Message History

You feel sick. The adder bites you but does no damage.
You slash the adder!
The adder is almost dead.
The adder closely misses you.
You closely miss the adder.
The adder is almost dead.
* * * LOW HITPOINT WARNING * * *
You feel sick. The adder closely misses you.
You closely miss the adder.
The adder is severely wounded.
The adder bites you but does no damage.
You barely miss the adder.
The adder is severely wounded.
* * * LOW HITPOINT WARNING * * *
You feel sick. The adder closely misses you.
Some of the chunks of flesh in your inventory have rotted away.
You hit the adder but do no damage.
The adder is severely wounded.
The adder bites you.
You die...

#.......##..#####..##
.###......>### ##
..............#
.####.......#...#
#.......#####
#.......# ..........#
.###..###.# . ##.#
#@# #. #S# #. ...
..... .......
......... #.........#
#.........#


You could see an adder.

Vanquished Creatures
  2 gnolls
  3 adders (D:1)
  A worm (D:3)
  A dart slug (D:1)
  3 leopard geckos
  An orc (D:3)
  3 giant cockroaches
  5 goblins
  6 hobgoblins
  2 jackals (D:1)
  2 bats (D:1)
  3 frilled lizards
  10 kobolds
  8 rats
50 creatures vanquished.

Notes
Turn   | Place    | Note
-------+----------+-------------------------------------------
     0 | D:1      | Ihlosi the Human Gladiator began the quest for the Orb.
     0 | D:1      | Reached XP level 1. HP: 16/16 MP: 1/1
   103 | D:1      | Reached skill level 1 in Stealth
   103 | D:1      | Reached XP level 2. HP: 22/22 MP: 2/2
   109 | D:1      | Reached skill level 1 in Armour
   110 | D:1      | Reached XP level 3. HP: 20/27 MP: 3/3
   596 | D:1      | Reached XP level 4. HP: 26/34 MP: 4/4
   802 | D:2      | Found a faded altar of an unknown god.
  1163 | D:1      | HP: 1/34 [poisoned by an adder]
  1504 | D:2      | You fall through a shaft!
  1714 | D:2      | Reached XP level 5. HP: 16/40 MP: 5/5
  1728 | D:2      | HP: 2/40 [poisoned by a gnoll]
  1729 | D:2      | Slain by an adder

Skill      XL: |  1  2  3  4 |
---------------+-------------+-----
Stealth        | 1 2 |  2.7
Armour         | 1 2 |  2.4
Fighting       | |  2.9
Long Blades    | |  3.0
Throwing       | |  2.0
Dodging        | |  3.0

Action                   |  1- 3 |  4- 6 || total
-------------------------+-------+-------++-------
Melee: Long sword        |    82 |    71 ||   153
Throw: Throwing net      |       |     3 ||     3
  Use: Potion            |       |     2 ||     2
 Stab: Sleeping          |     2 |     2 ||     4
  Eat: Ration            |       |     1 ||     1
Armor: Leather armour    |    29 |    26 ||    55
Dodge: Dodged            |    58 |    79 ||   137
       Rpst.: Long sword |    19 |    23 ||    42
